 Dungeon Crawl Stone Soup version 0.18-a0-1799-g6250cb2 (webtiles) character file.

12341 Duffy the Cleaver (level 12, -6/91 HPs)
             Began as a Formicid Necromancer on Apr 23, 2016.
             Was an Elder of Cheibriados.
             Mangled by a six-headed hydra (13 damage)
             ... on level 1 of the Lair of Beasts.
             The game lasted 00:26:59 (15430 turns).

Duffy the Cleaver (Formicid Necromancer)           Turns: 15430, Time: 00:26:59

Health: -6/91      AC: 14    Str: 23    XL:     12   Next: 19%
Magic:  13/18      EV: 17    Int: 26    God:    Cheibriados [****..]
Gold:   57         SH:  0    Dex: 25    Spells: 5 memorised, 9 levels left

rFire  + . .     SeeInvis +     d - +1 scimitar (flame)
rCold  . . .     Gourm    +     i - +0 scale mail
rNeg   . . .     Faith    .     (no shield)
rPois  +         Spirit   .     (helmet unavailable)
rElec  .         Dismiss  .     s - +2 cloak {rPois}
rCorr  .         Reflect  .     (no gloves)
SustAt .         Harm     .     C - +2 pair of boots (curse)
MR     +....                    m - amulet of the gourmand
Stlth  ++........               G - ring of teleportation (curse)
                                P - ring of protection from fire

@: very slow, somewhat resistant to hostile enchantments, unstealthy
A: permanent stasis, dig shafts and tunnels, four strong arms, antennae 3
a: Dig, Shaft Self, Bend Time, Temporal Distortion, Slouch, Renounce Religion


You were on level 1 of the Lair of Beasts.
You worshipped Cheibriados.
Cheibriados was greatly pleased with you.
You were completely stuffed.

You visited 3 branches of the dungeon, and saw 12 of its levels.

You collected 555 gold pieces.
You spent 498 gold pieces at shops.


Innate Abilities, Weirdness & Mutations

You are under a permanent stasis effect.
You can dig through walls and to a lower floor.
Your four strong arms can wield two-handed weapons with a shield.
You have a pair of large antennae on your head (SInv).


   Skills:
 - Level 7.0 Fighting
 + Level 9.9(10.1) Axes
   Level 3.2(7.1) Maces & Flails
 + Level 6.5 Armour
 - Level 7.3 Dodging
 - Level 2.4 Stealth
 - Level 4.0 Spellcasting
 - Level 2.0 Charms
 - Level 7.2 Necromancy
 - Level 8.5 Invocations


You had 9 spell levels left.
You knew the following spells:

 Your Spells              Type           Power        Failure   Level  Hunger
a - Pain                  Necr           ####         1%          1    None
j - Vampiric Draining     Necr           #####.....   3%          3    ##.....
p - Cure Poison           Pois           #.........   30%         2    None
s - Animate Skeleton      Necr           N/A          1%          1    None
y - Regeneration          Chrm/Necr      ####......   10%         3    ##.....

Inventory:

Hand Weapons
 d - a +1 scimitar of flaming (weapon)
 L - a +4 broad axe of electrocution
Missiles
 o - 5 javelins (quivered)
Armour
 a - a +0 ring mail
 e - a +2 robe of magic resistance
 i - a +0 scale mail (worn)
 j - a +2 leather armour of cold resistance
 r - a +2 leather armour of fire resistance
 s - a +2 cloak of poison resistance (worn)
 C - a cursed +2 pair of boots (worn)
Jewellery
 k - an uncursed ring of sustain attributes
 m - an amulet of the gourmand (around neck)
 G - a cursed ring of teleportation (right hand)
 K - an uncursed ring of ice
 P - a ring of protection from fire (left hand)
Wands
 n - a wand of slowing (35/48)
 y - a wand of teleportation (5/9)
 N - a wand of acid (5/15)
Scrolls
 g - 5 scrolls of remove curse
 h - 2 scrolls of fog
 u - 4 scrolls of enchant weapon
 E - 2 scrolls of recharging
 H - a scroll of fear {unknown}
 I - a scroll of immolation
Potions
 l - a potion of ambrosia {unknown}
 q - 3 potions of curing
 x - a potion of heal wounds
 z - a potion of resistance
 A - 2 potions of brilliance
 B - a potion of haste
 F - a potion of cure mutation
 J - 3 potions of flight
Books
 b - a book of Necromancy
 w - a book of Conjurations
 D - a Young Poisoner's Handbook
 Q - the Incunabulum of Freezing Moulding

   Spells                             Type                      Level
   a - Throw Frost                    Conjuration/Ice              2
   b - Summon Ice Beast               Ice/Summoning                4
   c - Petrify                        Transmutation/Earth          4
   d - Blade Hands                    Transmutation                5
Comestibles
 c - 10 bread rations
 f - 9 slices of pizza
 p - 6 meat rations
 t - 4 chunks of flesh
 v - 2 beef jerkies
 M - 4 fruits
 S - a royal jelly

Dungeon Overview and Level Annotations

Branches:
Dungeon (10/15)            Temple (1/1) D:4            Lair (1/8) D:10
    Orc: D:9-12

Altars:
Ashenzari
Cheibriados
Dithmenos
Elyvilon
Fedhas
Gozag
Kikubaaqudgha
Makhleb
Nemelex Xobeh
Okawaru
Pakellas
Qazlal
Ru
Sif Muna
Trog
Vehumet
Xom
Yredelemnul
Zin
The Shining One

Shops:
D:6 *   D:10 :

Annotations:
D:4 Grinder
D:5 1 runed door
D:10 Gastronok


Message History

The flame cauterises the wound!
You hit the seven-headed hydra. You burn the seven-headed hydra.
The seven-headed hydra is lightly wounded.
The seven-headed hydra bites you! The seven-headed hydra bites you.
The seven-headed hydra closely misses you.
The seven-headed hydra bites you.
The seven-headed hydra completely misses you.
The seven-headed hydra bites you but does no damage.
The seven-headed hydra closely misses you.
You barely miss the seven-headed hydra.
The seven-headed hydra is lightly wounded.
The seven-headed hydra bites you. The seven-headed hydra misses you.
The seven-headed hydra closely misses you.
The seven-headed hydra bites you! The seven-headed hydra bites you.
The seven-headed hydra bites you!
The seven-headed hydra barely misses you.
The seven-headed hydra bites you!
The seven-headed hydra bites you but does no damage. x2
The seven-headed hydra bites you.
The seven-headed hydra bites you but does no damage.
The seven-headed hydra closely misses you.
The seven-headed hydra bites you but does no damage.
You hack one of the seven-headed hydra's heads off!
The flame cauterises the wound!
You slice the six-headed hydra!! You burn the six-headed hydra!
The six-headed hydra is moderately wounded.
The six-headed hydra closely misses you.
The six-headed hydra bites you! The six-headed hydra bites you.
The six-headed hydra barely misses you. The six-headed hydra bites you.
The six-headed hydra bites you!
You can feel time thicken for a moment.
You feel somewhat less full.
You can no longer step out of the time flow.
Cheibriados lowers the support of your attributes as your movement quickens.
The six-headed hydra bites you. x2; The six-headed hydra bites you! x3
You die...

.....#. #. { ......# #. .
.....# #.
..#######.....## ####.
................ ......
................ ......
.........................
........D........ .......
........@....... .......
..#####+..#P.... ........
#####.####..#P.._...#.#
+.......##..#.........#
#.......##..#..........
...#(......'..#.........#
.. #......##..#..........
##.#.####.............
###+##P#..#..........


You could see a six-headed hydra.

Action                   |  1- 3 |  4- 6 |  7- 9 | 10-12 || total
-------------------------+-------+-------+-------+-------++-------
Melee: Short sword       |    68 |    85 |   134 |       ||   287
       Dire flail        |       |       |   117 |   286 ||   403
       Broad axe         |       |       |       |    35 ||    35
       Scimitar          |       |       |       |     3 ||     3
Throw: Javelin           |       |     1 |       |       ||     1
 Cast: Pain              |    10 |    64 |   129 |   210 ||   413
       Vampiric Draining |       |     4 |    19 |    41 ||    64
Invok: Slouch            |       |       |       |     2 ||     2
 Abil: Dig               |       |     3 |    13 |    10 ||    26
Evoke: Wand              |       |       |     3 |       ||     3
  Use: Scroll            |       |     3 |     8 |    11 ||    22
       Potion            |       |       |       |     6 ||     6
 Stab: Sleeping          |     5 |     2 |     1 |     1 ||     9
  Eat: Chunk             |     3 |    19 |    13 |    15 ||    50
Armor: Robe              |    21 |       |    16 |       ||    37
       Leather armour    |       |    46 |    95 |    45 ||   186
       Skin              |       |       |       |    71 ||    71
       Scale mail        |       |       |       |    61 ||    61
Dodge: Dodged            |    52 |    64 |   258 |   501 ||   875

Notes
Turn   | Place    | Note
--------------------------------------------------------------
     0 | D:1      | Duffy the Formicid Necromancer began the quest for the Orb.
     0 | D:1      | Reached XP level 1. HP: 13/13 MP: 3/3
    53 | D:1      | Learned a level 1 spell: Animate Skeleton
   406 | D:1      | Reached XP level 2. HP: 7/19 MP: 1/5
  1216 | D:1      | Reached skill level 3 in Spellcasting
  1349 | D:1      | Reached XP level 3. HP: 20/24 MP: 7/7
  1681 | D:2      | Learned a level 3 spell: Vampiric Draining
  1685 | D:2      | Learned a level 3 spell: Regeneration
  1916 | D:2      | Found an opulent altar of Gozag.
  1916 | D:2      | Noticed Jessica
  1916 | D:2      | Noticed Ijyb
  1925 | D:2      | Killed Ijyb
  1925 | D:2      | Reached XP level 4. HP: 26/30 MP: 9/9
  1944 | D:2      | Killed Jessica
  2193 | D:2      | Reached XP level 5. HP: 33/35 MP: 7/10
  2220 | D:2      | Reached skill level 5 in Necromancy
  2581 | D:2      | Reached skill level 4 in Spellcasting
  2766 | D:2      | Noticed Crazy Yiuf
  2772 | D:2      | Killed Crazy Yiuf
  2772 | D:2      | Reached skill level 1 in Charms
  3448 | D:3      | Found a glowing golden altar of the Shining One.
  3453 | D:3      | Found a basalt altar of Yredelemnul.
  3455 | D:3      | Noticed a profane servitor
  3508 | D:3      | Reached XP level 6. HP: 33/41 MP: 4/12
  3624 | D:2      | Reached skill level 2 in Charms
  4023 | D:3      | Noticed an angel
  4106 | D:4      | Reached skill level 1 in Fighting
  4177 | D:4      | Noticed Pikel
  4178 | D:4      | Noticed a slave
  4183 | D:4      | Noticed a slave
  4196 | D:4      | Noticed a slave
  4197 | D:4      | Noticed a slave
  4239 | D:3      | Killed Pikel
  4239 | D:3      | Reached skill level 4 in Fighting
  4239 | D:3      | Reached skill level 7 in Necromancy
  4239 | D:3      | Reached XP level 7. HP: 36/55 MP: 1/13
  4239 | D:3      | Reached XP level 8. HP: 40/61 MP: 1/14
  4770 | D:4      | Reached skill level 5 in Fighting
  4770 | D:4      | Reached skill level 2 in Dodging
  4828 | D:4      | Found a bloodstained altar of Trog.
  4828 | D:4      | Noticed Dowan
  4831 | D:4      | Noticed Duvessa
  4861 | D:4      | Killed Dowan
  4907 | D:5      | Entered Level 5 of the Dungeon
  5024 | D:4      | Found a staircase to the Ecumenical Temple.
  5033 | Temple   | Entered the Ecumenical Temple
  5050 | Temple   | Became a worshipper of Cheibriados the Contemplative
  5375 | D:4      | Found a shadowy altar of Dithmenos.
  5431 | D:4      | Killed Duvessa
  5431 | D:4      | Reached skill level 3 in Dodging
  5600 | D:4      | Found an ancient bone altar of Kikubaaqudgha.
  5647 | D:4      | Noticed Grinder
  5712 | D:5      | Found a runed door.
  5712 | D:5      | Noticed a human
  5718 | D:5      | Found a basalt altar of Yredelemnul.
  5732 | D:5      | Reached skill level 6 in Fighting
  5860 | D:5      | Noticed Eustachio
  6159 | D:5      | Killed Eustachio
  6159 | D:5      | Reached skill level 4 in Dodging
  6159 | D:5      | Reached XP level 9. HP: 54/71 MP: 2/15
  6219 | D:5      | Noticed Blork the orc
  6228 | D:5      | Killed Blork the orc
  6228 | D:5      | Reached skill level 7 in Fighting
  6355 | D:5      | Reached skill level 1 in Maces & Flails
  6529 | D:6      | Reached * piety under Cheibriados
  6636 | D:6      | Reached skill level 2 in Maces & Flails
  6636 | D:6      | Reached skill level 5 in Dodging
  6754 | D:6      | Noticed Menkaure
  6765 | D:6      | Killed Menkaure
  6914 | D:6      | Found a stormy altar of Qazlal.
  6914 | D:6      | Found a deep blue altar of Sif Muna.
  6914 | D:6      | Found a white marble altar of Elyvilon.
  6924 | D:6      | Reached skill level 3 in Maces & Flails
  6926 | D:6      | Found a radiant altar of Vehumet.
  7103 | D:6      | Found Woeppaas's General Store.
  7106 | D:6      | Bought a scroll of identify for 24 gold pieces
  7106 | D:6      | Bought a scroll of enchant weapon for 90 gold pieces
  7530 | D:6      | Reached skill level 1 in Invocations
  7971 | D:6      | Reached skill level 2 in Invocations
  8156 | D:7      | Reached ** piety under Cheibriados
  8229 | D:7      | Reached skill level 6 in Dodging
  8259 | D:7      | Reached skill level 3 in Invocations
  8338 | D:7      | Found a shimmering altar of Xom.
  8571 | D:7      | Found an iron altar of Okawaru.
  9068 | D:8      | Reached skill level 4 in Invocations
  9088 | D:8      | Reached XP level 10. HP: 61/79 MP: 6/16
  9276 | D:8      | Learned a level 2 spell: Cure Poison
  9306 | D:8      | Reached skill level 5 in Invocations
  9403 | D:8      | Reached skill level 7 in Dodging
  9712 | D:8      | Reached *** piety under Cheibriados
  9865 | D:8      | Found a burning altar of Makhleb.
 10144 | D:8      | Reached skill level 6 in Invocations
 10281 | D:9      | Reached skill level 1 in Axes
 10358 | D:9      | Reached skill level 2 in Axes
 10702 | D:9      | Identified the Incunabulum of Freezing Moulding (You found it on level 9 of the Dungeon)
 10722 | D:9      | Reached skill level 7 in Invocations
 11000 | D:9      | Reached skill level 3 in Axes
 11135 | D:9      | Reached skill level 4 in Axes
 11140 | D:9      | Reached skill level 8 in Invocations
 11532 | D:9      | Reached **** piety under Cheibriados
 11596 | D:9      | Reached XP level 11. HP: 50/84 MP: 3/17
 11774 | D:9      | Reached skill level 5 in Axes
 12071 | D:9      | Noticed a hill giant
 12103 | D:9      | Killed a hill giant
 12103 | D:9      | Reached skill level 6 in Axes
 12765 | D:9      | Reached skill level 7 in Axes
 12799 | D:10     | Entered Level 10 of the Dungeon
 12924 | D:10     | Found Ephihin's Book Emporium.
 12952 | D:10     | Noticed Gastronok
 13027 | D:10     | Found a staircase to the Lair.
 13034 | Lair:1   | Entered Level 1 of the Lair of Beasts
 13065 | Lair:1   | Reached ***** piety under Cheibriados
 13135 | Lair:1   | Reached skill level 1 in Armour
 13196 | Lair:1   | Noticed a griffon
 13257 | Lair:1   | Reached skill level 8 in Axes
 13339 | Lair:1   | Reached skill level 2 in Armour
 13491 | Lair:1   | Reached skill level 3 in Armour
 13904 | Lair:1   | Reached skill level 4 in Armour
 13970 | Lair:1   | Noticed Joseph
 13985 | Lair:1   | Killed Joseph
 14091 | Lair:1   | Killed a griffon
 14091 | Lair:1   | Reached skill level 9 in Axes
 14479 | Lair:1   | Reached skill level 5 in Armour
 14879 | D:6      | Bought a +4 broad axe of electrocution for 384 gold pieces
 15017 | Lair:1   | Reached XP level 12. HP: 75/91 MP: 18/18
 15253 | Lair:1   | Reached skill level 6 in Armour
 15309 | Lair:1   | Noticed Erica
 15319 | Lair:1   | Killed Erica
 15410 | Lair:1   | Found a sparkling altar of Nemelex Xobeh.
 15423 | Lair:1   | Noticed an eight-headed hydra
 15430 | Lair:1   | Mangled by a six-headed hydra

Vault maps used:
D:1:      dpeg_arrival_lava_temple_mockup, minmay_misc_feat_nine_boxes,
          kennysheep_small_spiral
D:2:      grunt_gozag_breadcrumbs, uniq_jessica, uniq_iyjb,
          uniq_crazy_yiuf_cottage
D:3:      grunt_temple_overflow_holy_war
D:4:      nicolae_overflow_crystal_walls, lemuel_doored_altar,
          kiku_gazebo_garden_becter, minmay_temple_entry_butterflies,
          first_bread, uniq_grinder, uniq_duvessa, uniq_pikel
D:5:      dk_yredelemnul_ordeal, uniq_eustachio, uniq_blork_the_orc
D:6:      grunt_temple_overflow_open, serial_shops, nicolae_shop_crystal,
          uniq_menkaure
D:7:      kennysheep_little_box, xom_teletrap_fun
D:8:      bloody_makhleb
D:9:      grunt_pizzeria
D:10:     lair_0_dummy, hiddenorc2_lemuel, serial_shops, kennysheep_mini_moat,
          hangedman_decor_riveting, uniq_gastronok
Temple:   temple_island_7
Lair:1:   basic_altar, st_stairs_12, beast_lair_carwin_8, uniq_joseph,
          uniq_erica

Vanquished Creatures
  Erica Pikel
  A hill giant
  A griffon Joseph
  5 spiny frogs
  3 komodo dragons
  A two-headed ogre
  2 blink frogs
  A spriggan
  A wyvern Eustachio
  6 yaks
  4 hippogriffs Menkaure
  A water moccasin Duvessa
  7 porcupines
  A sky beast
  3 orc warriors
  A necrophage
  A wasp
  A slave
  2 phantoms
  4 ogres
  4 centaurs
  A crocodile Blork the orc
  9 giant frogs
  4 scorpions Dowan
  12 killer bees
  2 howler monkeys
  4 crimson imps
  4 hounds
  2 giant frog skeletons
  A gnoll shaman
  4 orc priests Crazy Yiuf
  10 orc wizards Jessica
  A centaur skeleton
  A human skeleton Ijyb
  8 iguanas
  8 worker ants
  A killer bee zombie
  A hound zombie
  A worker ant zombie
  8 gnolls
  6 adders
  5 shadow imps
  2 oozes
  An adder skeleton
  An adder zombie
  A worm
  2 dart slugs
  5 giant geckos
  26 orcs
  10 bats
  5 giant cockroaches
  10 goblins
  5 hobgoblins
  3 jackals
  11 kobolds
  2 quokkas
  2 ball pythons
  A giant cockroach zombie
  5 giant newts
  8 rats
  A butterfly
  A plant
256 creatures vanquished.
